 Dungeon Crawl Stone Soup version 0.19-a0-1155-gb6eeeff (webtiles) character file.

2268 poirepourri the Chopper (level 9, -9/49 HPs)
             Began as a Vine Stalker Fighter on Aug 13, 2016.
             Mangled by a wyvern (12 damage)
             ... on level 8 of the Dungeon.
             The game lasted 00:11:00 (6723 turns).

poirepourri the Chopper (Vine Stalker Fighter)      Turns: 6723, Time: 00:11:01

Health: -9/49      AC:  7    Str: 22    XL:     9   Next: 38%
Magic:  0/10       EV: 10    Int:  8    God:
Gold:   133        SH: 10    Dex: 14    Spells: 0 memorised, 8 levels left

rFire  + . .     SeeInvis .     a - +2 war axe
rCold  . . .     Gourm    .     b - +0 scale mail
rNeg   . . .     Faith    .     c - +1 shield
rPois  +         Spirit   +     j - +0 helmet
rElec  .         Dismiss  .     (no cloak)
rCorr  .         Reflect  .     (no gloves)
MR     +....     Harm     .     (no boots)
Stlth  ..........               C - amulet of magic regeneration
                                x - ring of poison resistance
                                k - ring of protection from fire

@: drained
A: fangs 3, regeneration 2, magic shield, antimagic bite, no device heal 3, rot
immunity
a: no special abilities


You were on level 8 of the Dungeon.
You were not hungry.

You visited 2 branches of the dungeon, and saw 9 of its levels.

You collected 423 gold pieces.
You spent 290 gold pieces at shops.

Inventory:

Hand Weapons
 a - a +2 war axe (weapon)
Missiles
 l - 8 bolts
Armour
 b - a +0 scale mail (worn)
 c - a +1 shield (worn)
 j - a +0 helmet (worn)
Jewellery
 h - a cursed ring of teleportation
 k - a ring of protection from fire (left hand)
 x - a ring of poison resistance (right hand)
 B - an uncursed amulet of dismissal {unknown}
 C - an amulet of magic regeneration (around neck)
 G - an uncursed ring of ice
Wands
 q - a wand of disintegration (2/24)
 v - a wand of flame (10/48)
 y - a wand of teleportation (3/9)
Scrolls
 g - 3 scrolls of teleportation
 o - 10 scrolls of remove curse
 s - 2 scrolls of enchant armour
 t - a scroll of recharging
 D - 3 scrolls of amnesia
 I - a scroll of identify
Potions
 d - 2 potions of might
 e - a potion of ambrosia {unknown}
 i - 3 potions of cancellation
 m - 4 potions of curing
 n - 8 potions of agility
 p - 2 potions of haste {unknown}
 r - 2 potions of mutation {unknown}
 u - a potion of degeneration {unknown}
 z - 2 potions of lignification {unknown}
 A - a potion of flight {unknown}
 E - a potion of heal wounds {unknown}
 F - a potion of magic {unknown}
Books
 H - a book of Changes

   Spells                             Type                      Level
   a - Beastly Appendage              Transmutation                1
   b - Sticks to Snakes               Transmutation                2
   c - Spider Form                    Transmutation/Poison         3
   d - Ice Form                       Ice/Transmutation            4
   e - Blade Hands                    Transmutation                5
Comestibles
 f - 5 bread rations
 w - 2 meat rations


   Skills:
 + Level 6.6(6.1) Fighting
 + Level 7.2(6.7) Axes
 - Level 2.4(1.9) Armour
 + Level 5.4(4.9) Dodging
 - Level 2.7(2.2) Shields
 + Level 0.5(0.0) Evocations


You had 8 spell levels left.
You didn't know any spells.

Dungeon Overview and Level Annotations

Branches:
Dungeon (8/15)             Temple (1/1) D:4
   Lair: D:8-11

Altars:
Cheibriados
Dithmenos
Elyvilon
Fedhas
Gozag
Hepliaklqana
Kikubaaqudgha
Nemelex Xobeh
Okawaru
Pakellas
Qazlal
Ru
Sif Muna
Trog
Uskayaw
Vehumet
Xom
Yredelemnul
Zin
The Shining One

Shops:
D:7 ?


Innate Abilities, Weirdness & Mutations

You have razor-sharp teeth.
You heal very quickly.
When hurt, damage is shared between your health and your magic reserves.
Your bite disrupts and absorbs the magic of your enemies.
Potions and wands cannot restore your health.
You are immune to rotting.


Message History

You feel invigorated.
The wyvern is severely wounded.
The wyvern bites you! x2
Your shield prevents you from hitting the wyvern.
You bite the wyvern, but do no damage.
The wyvern is severely wounded.
The wyvern bites you.
The wyvern hisses menacingly.
You block the wyvern's attack.
You closely miss the wyvern. You bite the wyvern! You drain its power.
You feel invigorated.
The wyvern is almost dead.
The wyvern bites you!
* * * LOW HITPOINT WARNING * * *
The wyvern bites you.
* * * LOW HITPOINT WARNING * * *
You completely miss the wyvern.
The wyvern is almost dead.
The wyvern bites you!
You die...

.# ...... #..
#.... #.. #....
#..##... #.......
#.. #......# #...
#.....# ###...
#l@## ###....#
##..## ###......#
##..####.......#
#....<........#
##............#
#..........†.##
##............#
#....#........###
#...##.........(##


You could see a wyvern.

Vanquished Creatures
  Eustachio (D:4)
  Menkaure (D:7)
  Edmund (D:4)
  2 water moccasins
  2 black bears (D:7)
  An ice beast (D:6)
  A necrophage (D:6)
  3 ogres
  A giant frog (D:7)
  2 scorpions
  3 wights (D:7)
  A jelly (D:6)
  A giant frog zombie (D:7)
  2 hounds
  An iron imp (D:7)
  An orc priest (D:6)
  2 giant frog skeletons
  5 orc wizards
  A centaur skeleton (D:8)
  3 worker ants
  A worker ant zombie (D:5)
  Robin (D:4)
  7 gnolls
  A howler monkey skeleton (D:6)
  7 adders
  A shadow imp (D:5)
  An ooze (D:5)
  An adder skeleton (D:5)
  4 worms
  3 dart slugs
  3 giant geckos
  13 orcs
  10 bats
  7 giant cockroaches
  20 goblins
  16 hobgoblins
  12 jackals
  3 kobolds
  7 quokkas
  A ball python (D:1)
  A giant gecko zombie (D:3)
  4 giant newts
  A quokka skeleton (D:7)
  14 rats
174 creatures vanquished.

Notes
Turn   | Place    | Note
-------+----------+-------------------------------------------
     0 | D:1      | poirepourri the Vine Stalker Fighter began the quest for the Orb.
     0 | D:1      | Reached XP level 1. HP: 11/11 MP: 2/2
    86 | D:1      | Reached skill level 2 in Axes
    93 | D:1      | Reached XP level 2. HP: 7/16 MP: 3/3
   538 | D:1      | Reached XP level 3. HP: 20/20 MP: 4/4
  1037 | D:2      | Found a stormy altar of Qazlal.
  1099 | D:2      | Reached skill level 1 in Dodging
  1106 | D:2      | Reached XP level 4. HP: 9/25 MP: 3/5
  1193 | D:2      | Found a basalt altar of Yredelemnul.
  1803 | D:3      | Reached XP level 5. HP: 26/29 MP: 6/6
  2150 | D:3      | Reached skill level 3 in Axes
  2523 | D:4      | Found a hide-covered altar of Uskayaw.
  2631 | D:4      | Found a sparkling altar of Nemelex Xobeh.
  2668 | D:4      | Noticed Robin
  2672 | D:4      | Killed Robin
  2853 | D:4      | Gained mutation: You heal very quickly. [Vine Stalker growth]
  2853 | D:4      | Reached XP level 6. HP: 32/33 MP: 7/7
  2877 | D:4      | Found a staircase to the Ecumenical Temple.
  2902 | D:4      | Noticed Edmund
  2915 | D:4      | Killed Edmund
  2926 | D:4      | Noticed Eustachio
  2952 | D:4      | Killed Eustachio
  2952 | D:4      | Reached skill level 4 in Axes
  2952 | D:4      | Reached XP level 7. HP: 33/38 MP: 6/8
  3604 | D:5      | Entered Level 5 of the Dungeon
  3630 | D:5      | Found a stormy altar of Qazlal.
  3686 | Temple   | Entered the Ecumenical Temple
  4432 | D:5      | Found a blossoming altar of Fedhas.
  4684 | D:5      | Found an opulent altar of Gozag.
  4975 | D:5      | Reached skill level 5 in Fighting
  4975 | D:5      | Reached skill level 5 in Axes
  5140 | D:6      | Gained mutation: You have razor-sharp teeth. [Vine Stalker growth]
  5140 | D:6      | Reached XP level 8. HP: 34/43 MP: 6/9
  5211 | D:6      | Found a bloodstained altar of Trog.
  5514 | D:6      | Reached skill level 6 in Axes
  5713 | D:7      | Found Banoz's Magic Scroll Emporium.
  5719 | D:7      | Bought a scroll of enchant armour for 82 gold pieces
  5719 | D:7      | Bought a scroll of recharging for 104 gold pieces
  5719 | D:7      | Bought a scroll of enchant armour for 82 gold pieces
  5719 | D:7      | Bought a scroll of identify for 22 gold pieces
  5839 | D:6      | Reached skill level 5 in Dodging
  5839 | D:6      | Reached XP level 9. HP: 24/48 MP: 7/10
  5994 | D:7      | Noticed Menkaure
  5999 | D:7      | Killed Menkaure
  6025 | D:7      | Reached skill level 7 in Axes
  6181 | D:7      | Found a sacrificial altar of Ru.
  6455 | D:7      | Found a snail-covered altar of Cheibriados.
  6722 | D:8      | HP: 2/49 [wyvern (3)]
  6723 | D:8      | Mangled by a wyvern

Vault maps used:
D:1:      dpeg_arrival_tiny_a, minivault_24
D:2:      minmay_diamond_boxcup, old_standard_altar, grunt_qazlal_clouds,
          hangedman_decor_points
D:4:      kennysheep_the_goblin_king, lemuel_round_altar,
          overflow_temple_1_default, uniq_edmund, uniq_robin, uniq_eustachio
D:5:      nicolae_overflow_hidden_temple, portal_sewer_entry_d, first_bread,
          basic_altar, grunt_gozag_statues
D:6:      overflow_temple_1_default, minmay_misc_feat_diagonals
D:7:      nicolae_ru_great_annihilating_truth, slow_altar_2, serial_shops, shop,
          uniq_menkaure
D:8:      amethyst_overflow_temple_binary
Temple:   minmay_temple_forest_path

Skill      XL: |  1  2  3  4  5  6  7  8  9 |
---------------+----------------------------+-----
Axes           | 2 3 4 5 6 7 |  7.2
Fighting       | 3 4 5 6 |  6.6
Dodging        | 1 2 3 5 |  5.4
Armour         | |  2.4
Shields        | |  2.7
Evocations     | |  0.5

Action                   |  1- 3 |  4- 6 |  7- 9 || total
-------------------------+-------+-------+-------++-------
Melee: War axe           |    99 |   211 |   232 ||   542
       Bite              |    27 |    53 |    76 ||   156
Evoke: Wand              |       |       |     3 ||     3
  Use: Scroll            |     1 |     5 |    12 ||    18
       Potion            |       |     1 |     2 ||     3
  Eat: Bread ration      |       |     2 |       ||     2
       Beef jerky        |       |       |     3 ||     3
       Meat ration       |       |       |     1 ||     1
       Royal jelly       |       |       |     1 ||     1
Armor: Scale mail        |    45 |   106 |    98 ||   249
Dodge: Dodged            |    30 |    85 |    98 ||   213
Block: Shield            |    64 |   121 |   130 ||   315
